Unix NetHack Version 3.7.0-65 Work-in-progress - last build Sep 26 2022 05:48:34 (a9070be95fe145525c880ceec589f5104d392f49,branch:master). Game began 2022-09-28 09:13:25, ended 2022-09-28 10:35:09. RaijinKnight, chaotic female elven Wizard ---- ---- |..| |..| --- |).| ---- |..| ---.-- |..| |..| ---- --.-- --....| |..| ---#-........ |..---- |*.--- |..| |..*..-- |%.| --.(|.%)....<. |-....| |....| --.| |*...^.| |..| |....%.....)). |.....-------.|---.| --.....-- |..--# |..........)). |.......-- |>|....|-- ---....| |....---.| --..............- ---......-- |@.....|.-- |...-- |.|%.....| --..........*...... --......| |.|.......| |...| |.#.....-- --........ ......). --.....--|.|.......| --..-- |.|#.#..| --.......%... ....... |.......|.|.......-- --..-- |.|-#|.--|..........................| #####........|-.......-- --..| |.| |.--|....----....|..|..........-- # |........--.^......| --.| |.|---..|----.|.......|..|...........-###------).............^..-- |.| |.||....----.-..--...........................................!.-- |.| |.||...........----......|.---......#-----------..|............-- |.---.|---..-------- --...----- --.---.--- ....|.............| |^....| ---- .-- --- |...| -#-...........----- ----..| --..| #-----..#-.-- ---- ---- #####-- RaijinKnight the Thaumaturge St:12 Dx:13 Co:16 In:19 Wi:12 Ch:14 Chaotic S:5040 Dlvl:4 $:534 HP:0(40) Pw:0(68) AC:8 Xp:7/1049 T:7442 Latest messages: Do you want to add to the current engraving? [ynq] (y) q Never mind. You descend the stairs. The dwarf throws a dagger! The dagger misses the gnome lord. You are hit by a dagger. The gnome lord hits! The gnome hits! In what direction? 4 The spell hits the gnome lord! The spell hits the gnome! You kill the gnome! The spell hits the dwarf! The gnome lord escapes upstairs! In what direction? 4 The spell hits the dwarf! You kill the dwarf! There is a staircase up to level 4 here. You see here a dagger. The gnome picks up a hooded cloak. G - a dagger (2 in total). You see here a gnome corpse. The dwarf wields a dagger! The gnome hits! In what direction? 4 The spell hits the gnome! You kill the gnome! The spell hits the dwarf! You don't have enough energy to cast that spell. You see here a gnome corpse. The dwarf thrusts her dagger. The dwarf hits! You climb up the stairs. Something is written here in the dust. You read: "Flbere r". You hit the gnome lord. The gnome lord hits! You hit the gnome lord. The gnome lord hits! You hit the gnome lord. You kill the gnome lord! You see here a red gem. In what direction? 2 The spell hits the acid blob! You kill the acid blob! You see here an acid blob corpse. There is an acid blob corpse here; eat it? [ynq] (n) y You have a very bad case of stomach acid. You die... Do you want your possessions identified? [ynq] (y) q Inventory: Coins $ - 534 gold pieces Weapons X - a +1 dagger G - 2 +0 daggers (wielded) L - a cursed -2 elven dagger g - a cursed -5 elven dagger U - a +0 orcish dagger Armor P - an uncursed +0 pair of kicking boots (being worn) b - an uncursed +0 cloak of magic resistance (being worn) Comestibles t - 4 uncursed food rations j - 2 uncursed sprigs of wolfsbane l - an uncursed tin of broiled rothe meat u - 2 uncursed eggs Scrolls q - a blessed scroll of confuse monster p - an uncursed scroll of punishment Rings d - an uncursed +2 ring of gain constitution (on right hand) x - an uncursed +1 ring of gain strength S - a cursed -1 ring of increase accuracy e - an uncursed ring of slow digestion (on left hand) Wands c - a wand of cancellation (0:7) y - a wand of cold (0:4) k - a wand of digging (0:6) M - a wand of locking (0:5) B - a wand of secret door detection (0:8) m - a wand of striking (0:5) h - a wand of striking (0:2) Tools s - an uncursed sack containing 27 items o - an uncursed blindfold Q - a cursed lock pick f - an uncursed magic lamp (lit) R - an uncursed oil lamp O - an uncursed towel T - an uncursed towel Contents of the sack: an uncursed scroll of food detection an uncursed scroll of earth an uncursed scroll of enchant armor a cursed scroll of enchant armor an uncursed scroll of identify an uncursed scroll of identify a cursed scroll of amnesia a cursed scroll of light an uncursed scroll of scare monster an uncursed scroll of confuse monster a blessed scroll of enchant weapon a blessed scroll of remove curse an uncursed scroll of remove curse an uncursed scroll of teleportation an uncursed scroll of teleportation a blessed potion of restore ability an uncursed potion of water a blessed potion of object detection an uncursed potion of monster detection a cursed potion of gain energy a cursed potion of gain ability an uncursed potion of hallucination an uncursed potion of extra healing a blessed potion of blindness an uncursed potion of invisibility an uncursed potion of see invisible a cursed potion of speed RaijinKnight the Wizard's attributes: Background: You were a Thaumaturge, a level 7 female elven Wizard. You were chaotic, on a mission for Anhur who was opposed by Ptah (lawful) and Thoth (neutral). You were in the Gnomish Mines, on level 4. You entered the dungeon 7442 turns ago. You had 1049 experience points, 231 more were needed to attain level 8. Your score was 5040 before end-of-game adjustments. Basics: You had 0 out of 40 hit points. You had 0 out of 68 energy points (spell power). Your armor class was 8. Your wallet contained 534 zorkmids. Autopickup was off. Final Characteristics: Your strength was 12 (limit:18). Your dexterity was 13 (limit:18). Your constitution was 16 (base:14, limit:16). Your intelligence was 19 (limit:20). Your wisdom was 12 (limit:20). Your charisma was 14 (limit:18). Final Status: You were not hungry. You were unencumbered. You were wielding daggers. You had basic skill with dagger and could have enhanced that. Final Attributes: You were piously aligned. You were magic-protected. You were sleep resistant. You had infravision. You had slower digestion. You were warded. You are dead. Miscellaneous: You never encountered a bones level. Total elapsed playing time was 1 hour, 21 minutes and 42 seconds. Major events: Turn 1: RaijinKnight the chaotic female elven Wizard entered the dungeon 601: entered the Gnomish Mines 1071: attained the rank of Conjurer (level 3) 4610: attained the rank of Thaumaturge (level 6) 7442: killed by an acidic corpse Vanquished creatures: a small mimic 3 leprechauns a giant spider a dog a raven a gnome mummy a human zombie 2 rock piercers 3 rock moles 4 ponies a shrieker a violet fungus 2 gnome leaders 2 gnomish wizards a gray ooze a ghoul a giant ant a little dog a floating eye a kitten 6 dwarves a homunculus 2 kobold leaders 2 kobold shamans 3 rothes a rabid rat 2 giant bats a dwarf zombie 2 wererats 2 iguanas 5 acid blobs a coyote 2 gas spores 5 hobbits 5 manes a giant rat a brown mold a yellow mold 2 green molds 17 gnomes 9 garter snakes 4 geckos 3 jackals a fox 2 kobolds 2 goblins 6 grid bugs 7 lichens 11 newts 137 creatures vanquished. No species were genocided or became extinct. Voluntary challenges: You read items or engraved 8 times. You engraved Elbereth 4 times. You never genocided any monsters. You never polymorphed an object. You never changed form. You used no wishes. Achievements: You entered the Gnomish Mines. You entered a shop. You attained the rank of Conjurer. You attained the rank of Thaumaturge. The Dungeons of Doom: levels 1 to 7 Level 1: Some fountains. Level 2: Level 3: A fountain. Stairs down to The Gnomish Mines. Level 4: A weapon shop, an altar to Anhur, a fountain. Level 5: Level 6: Level 7: The Gnomish Mines: levels 4 to 5 Level 4: <- You were here. Final resting place for you, killed by an acidic corpse. Level 5: Game over: ---------- / \ / REST \ / IN \ / PEACE \ / \ | RaijinKnight | | 534 Au | | killed by an | | acidic corpse | | | | | | 2022 | *| * * * | * _________)/\\_//(\/(/\)/\//\/|_)_______ Goodbye RaijinKnight the Wizard... You died in The Gnomish Mines on dungeon level 4 with 4987 points, and 534 pieces of gold, after 7442 moves. You were level 7 with a maximum of 40 hit points when you died.